 Dungeon Crawl Stone Soup version 0.27.1-1-g398f81649c (webtiles) character file.

Game seed: 6883020627493565463

646 Woods the Magician (level 7, -2/45 HPs)
             Began as a Djinni Ice Elementalist on Sept 20, 2021.
             Was an Initiate of Makhleb.
             Shot with an arrow by a centaur (11 damage)
             ... on level 5 of the Dungeon.
             The game lasted 00:11:30 (6999 turns).

Woods the Magician (Djinni Ice Elementalist)        Turns: 6999, Time: 00:11:31

Health: -2/45      AC:  3    Str:  7    XL:     7   Next: 82%
Gold:   306        EV: 27    Int: 19    God:    Makhleb [......] SH:  0 Dex: 13

rFire    + + .     SeeInvis .   (no weapon)
rCold    x . .     Faith    .   (no shield)
rNeg     + . .     Spirit   .   a - +0 robe
rPois    ∞         Reflect  .   t - +0 helmet
rElec    .         Harm     .   n - scarf {+Inv}
rCorr    +         Rampage  .   (no gloves)
Will     .....                  (boots unavailable)
Stlth    ++........             v - amulet of the acrobat
HPRegen  0.15/turn              c - ring of positive energy
MPRegen  0.00/turn              o - ring of resist corrosion

@: acrobatic, flying
A: sickness immunity, fire resistance 2, cold vulnerability 1, float, innate
caster, hp casting, extra vitality 1
a: Renounce Religion, Evoke Invisibility


You were on level 5 of the Dungeon.
You worshipped Makhleb.
Makhleb was noncommittal.
You visited 1 branch of the dungeon, and saw 5 of its levels.

You collected 306 gold pieces.

Inventory:

Missiles
 i - 2 throwing nets
Armour
 a - a +0 robe (worn)
 n - a scarf of invisibility (worn)
 t - a +0 helmet (worn)
Jewellery
 c - a ring of positive energy (left hand)
 o - a ring of resist corrosion (right hand)
 v - an amulet of the acrobat (around neck)
Wands
 m - a wand of flame (24)
Scrolls
 b - 2 scrolls of magic mapping {unknown}
 d - 3 scrolls of teleportation {unknown}
 f - 2 scrolls of immolation {unknown}
 g - 2 scrolls of fog {unknown}
 h - 3 scrolls of identify {unknown}
 j - a scroll of amnesia {unknown}
 q - a scroll of vulnerability {unknown}
Potions
 e - 2 potions of degeneration {unknown}
 k - a potion of invisibility {unknown}
 l - 2 potions of heal wounds {unknown}
 p - a potion of cancellation {unknown}
 r - a potion of haste {unknown}
 s - a potion of might {unknown}
 u - a potion of flight {unknown}


   Skills:
 - Level 2.1 Dodging
 - Level 1.5 Stealth
 + Level 7.0 Spellcasting


You had 3 spell levels left.
You knew the following spells:

 Your Spells              Type           Power      Damage    Failure   Level
a - Freeze                Ice            100%       1d11      1%          1
b - Frozen Ramparts       Ice            66%        1d8       1%          3
c - Ozocubu's Armour      Ice            33%        N/A       1%          3
d - Hailstorm             Conj/Ice       33%        3d8       5%          4
e - Magic Dart            Conj           100%       1d8       1%          1
f - Passwall              Tmut/Erth      27%        N/A       1%          2
g - Confusing Touch       Hex            33%        N/A       1%          3
Your spell library was empty.

Dungeon Overview and Level Annotations

Branches:
Dungeon (5/15)
 Temple: D:4-7

Altars:
Fedhas
Makhleb
Vehumet


Innate Abilities, Weirdness & Mutations

You are immune to sickness and miasma.
You are immune to poison.
Your flesh is very heat resistant. (rF++)
You are vulnerable to cold. (rC-)
You float through the air rather than walking.
You learn spells naturally, not from books.
Your magical power is your life essence.
You have superior vitality. (+4 HP)


Message History

The centaur kicks the bush.
The centaur wields a +0 shortbow.
The centaur shoots an arrow.
The arrow barely misses you.
Something hits the bush but does no damage.
Something kicks the bush.
There is an open door here.
The centaur wields a +0 shortbow.
The centaur shoots an arrow.
The arrow closely misses you.
The centaur shoots an arrow.
The arrow closely misses you.
The centaur shoots an arrow.
The arrow completely misses you.
There is an open door here.
The centaur shoots an arrow.
The arrow completely misses you.
The centaur shoots an arrow.
The arrow misses you.
You reach down and close the door.
Casting: Magic Dart (safe; 1% risk of failure)
Confirm with . or Enter, or press ? or * to list all spells.
You can't see any susceptible monsters within range! (Use Z to cast anyway.)
Casting: Magic Dart (safe; 1% risk of failure)
Confirm with . or Enter, or press ? or * to list all spells.
Casting: Frozen Ramparts (safe; 1% risk of failure)
Press: ? - help, Dir - look around, f - activate
Okay, then.
You reach down and open the door.
Something hits the bush but does no damage.
Something kicks the bush but does no damage.
Something hits the bush but does no damage.
Something kicks the bush but does no damage.
There is an open door here.
Casting: Frozen Ramparts (safe; 1% risk of failure)
Confirm with . or Enter, or press ? or * to list all spells.
Aiming: Magic Dart (safe; 1% risk of failure)
Press: ? - help, Shift-Dir - straight line, f/p - centaur
Aim: a centaur, quivering arrows (heavily wounded, 100% to hit)
The magic dart hits the centaur but does no damage.
The centaur is heavily wounded.
The centaur wields a +0 shortbow.
The centaur shoots an arrow.
The arrow hits you!
* * * LOW HITPOINT WARNING * * *
The centaur shoots an arrow.
The arrow barely misses you.
The centaur shoots an arrow.
The arrow hits you!
You die... #.....
PPP.#

.....# +.....PPP.P.##.....#
#...#.PP_PP.#......#
#......PP.c........#
........PPP........>
#.....#.#.......# #........#
#..............# #........#
#...#'#........# .........#
#...#@#........#
.........###...#.#........#
.........#.....#+#.####+#.....
.........#.[.......# #.......
.........#....†....#####.....##+#
.........#...........).#.....##.#
.....###..........#...........#.#
.....# #..........#...........#.#
.....# #..........#.....#.#...#.#


You could see a centaur.

Vanquished Creatures
  2 necrophages
  A scorpion (D:5)
  A water moccasin skeleton (D:4)
  A hound (D:4)
  A bullfrog zombie (D:5)
  3 iguanas
  6 gnolls
  5 adders
  An ufetubus (D:4)
  2 adder skeletons
  2 worms
  3 dart slugs
  5 orcs
  5 endoplasms
  A giant cockroach (D:4)
  9 goblins
  11 hobgoblins
  4 jackals
  7 quokkas
  10 ball pythons
  9 bats
  6 frilled lizards
  6 kobolds
  13 rats
114 creatures vanquished.

Notes
Turn   | Place    | Note
-------+----------+-------------------------------------------
     0 | D:1      | Woods the Djinni Ice Elementalist began the quest for the
                  | Orb.
     0 | D:1      | Reached XP level 1. HP: 15/15 MP: 0/0
   441 | D:1      | Reached XP level 2. HP: 19/21 MP: 0/0
   899 | D:1      | Reached XP level 3. HP: 17/25 MP: 0/0
   899 | D:1      | Learned a level 1 spell: Magic Dart
  1192 | D:1      | Reached skill level 4 in Spellcasting
  1196 | D:1      | Found a faded altar of an unknown god.
  1981 | D:2      | Reached XP level 4. HP: 27/31 MP: 0/0
  2551 | D:2      | Reached XP level 5. HP: 25/35 MP: 0/0
  2551 | D:2      | Learned a level 2 spell: Passwall
  2850 | D:2      | Noticed a necrophage
  3390 | D:2      | Killed a necrophage
  3391 | D:2      | Reached skill level 5 in Spellcasting
  3391 | D:2      | Reached XP level 6. HP: 32/40 MP: 0/0
  4890 | D:4      | Reached skill level 6 in Spellcasting
  5248 | D:4      | Reached XP level 7. HP: 36/45 MP: 0/0
  5248 | D:4      | Learned a level 3 spell: Confusing Touch
  5712 | D:4      | Found a burning altar of Makhleb.
  5714 | D:4      | Noticed a blizzard demon
  6248 | D:4      | Noticed an orange demon
  6248 | D:4      | Noticed a hellwing
  6250 | D:4      | Became a worshipper of Makhleb the Destroyer
  6269 | D:5      | Entered Level 5 of the Dungeon
  6834 | D:5      | Reached skill level 7 in Spellcasting
  6953 | D:5      | Found a blossoming altar of Fedhas.
  6999 | D:5      | Shot with an arrow by a centaur

Illustrated notes

Levels and vault maps discovered:
D:1:      lightli_arrival_flooded_house, layout_loops_ring,
          shapermc_ecumenical_altar_mp_vishouse
D:2:      minmay_thinvault, layout_basic, kennysheep_generic_room_13
D:3:      layout_loops_ring, vehumet_altar_wand_db, st_stairs_3,
          grunt_ministairs_7
D:4:      layout_basic, makhleb_altar_promises_db
D:5:      layout_basic, fedhas_bush_and_centaur_altar

Skill      XL: |  1  2  3  4  5  6  7 |
---------------+----------------------+-----
Spellcasting   | 4 5 6 7 |  7.0
Dodging        | |  2.1
Stealth        | |  1.5

Action                   |  1- 3 |  4- 6 |  7- 9 || total
-------------------------+-------+-------+-------++-------
Melee: Unarmed           |     6 |     1 |     1 ||     8
 Cast: Freeze            |    46 |    32 |    10 ||    88
       Frozen Ramparts   |     4 |    10 |     3 ||    17
       Magic Dart        |       |    77 |    50 ||   127
       Ozocubu's Armour  |       |     2 |       ||     2
       Passwall          |       |     2 |       ||     2
       Confusing Touch   |       |       |     1 ||     1
Armor: Robe              |     6 |     5 |     3 ||    14
Dodge: Dodged            |    23 |    29 |    22 ||    74
